 Dungeon Crawl Stone Soup version bcrawl-1.23 (webtiles) character file.

Game seed: 9771045524605284825

53 Freyura the Shield-Bearer (level 3, 0/35 HPs)
             Began as a Gnoll Fighter on May 30, 2020.
             Slain by a gnoll
             ... wielding a +0 spear
              (6 damage)
             ... on level 2 of the Dungeon.
             The game lasted 00:01:40 (856 turns).

Freyura the Shield-Bearer (Gnoll Fighter)            Turns: 856, Time: 00:01:41

Health: 0/35       AC:  7    Str: 23    XL:     3   Next: 87%
Magic:  4/4        EV:  7    Int: 10    God:
Gold:   110        SH: 11    Dex: 15    Spells: 4/4 levels left

rFire    . . .     SeeInvis .   a - +0 flail
rCold    . . .     Gourm    .   c - +0 medium shield
rNeg     . . .     Faith    .   b - +0 scale mail
rPois    .         Spirit   .   (no helmet)
rElec    .         Reflect  .   (no cloak)
rCorr    .         Harm     .   (no gloves)
MR       .....                  (no boots)
Stlth    ..........             (no amulet)
HPRegen  0.11/turn              (no ring)
MPRegen  0.09/turn              (no ring)

@: mighty
A: distributed training, fangs 1, strong nose
a: no special abilities


You were on level 2 of the Dungeon.
You were not hungry.

You visited 1 branch of the dungeon, and saw 2 of its levels.

You collected 110 gold pieces.

Inventory:

Hand Weapons
 a - a +0 flail (weapon)
Armour
 b - a +0 scale mail (worn)
 c - a +0 medium shield (worn)
Scrolls
 f - a scroll of identify {unknown}
 h - a scroll of noise {unknown}
 l - 2 scrolls of blinking {unknown}
Potions
 g - 3 potions of lignification {unknown}
 i - a potion of heal wounds {unknown}
 j - a potion of degeneration {unknown}
 k - 2 potions of berserk rage {unknown}
Comestibles
 e - 2 rations {!d}


   Skills:
 + Level 6.5 Fighting
 + Level 1.0 Short Blades
 + Level 1.0 Long Blades
 + Level 1.0 Axes
 + Level 4.6 Maces & Flails
 + Level 1.0 Polearms
 + Level 1.0 Staves
 + Level 1.0 Slings
 + Level 1.0 Bows
 + Level 1.0 Crossbows
 + Level 1.0 Throwing
 + Level 6.5 Armour
 + Level 1.0 Dodging
 + Level 1.0 Stealth
 + Level 6.5 Shields
 + Level 1.0 Unarmed Combat
 + Level 1.0 Spellcasting
 + Level 0.7 Conjurations
 + Level 0.7 Hexes
 + Level 0.7 Charms
 + Level 0.7 Summonings
 + Level 0.7 Necromancy
 + Level 0.7 Translocations
 + Level 0.7 Transmutations
 + Level 0.7 Fire Magic
 + Level 0.7 Ice Magic
 + Level 0.7 Air Magic
 + Level 0.7 Earth Magic
 + Level 0.7 Poison Magic
 + Level 1.0 Invocations
 + Level 1.0 Evocations


You had 4 spell levels left.
You didn't know any spells.
Your spell library was empty.

Dungeon Overview and Level Annotations

Branches:
Dungeon (2/12)

Altars:


Innate Abilities, Weirdness & Mutations

Your experience applies equally to all skills.
You have very sharp teeth.
Your uncanny sense of smell can sniff out nearby items.


Message History

Your Crossbows skill increases to level 1!
Your Throwing skill increases to level 1!
Your Dodging skill increases to level 1!
Your Stealth skill increases to level 1!
Your Unarmed Combat skill increases to level 1!
Your Spellcasting skill increases to level 1!
Your Evocations skill increases to level 1!
You block the gnoll's attack.
You sock the worm!
The worm is moderately wounded.
You block the gnoll's attack. You block the worm's attack.
Your scale mail prevents you from hitting the worm.
The worm is moderately wounded.
The gnoll hits you but does no damage. The gnoll completely misses you.
You block the gnoll's attack.
You hit the worm. You bite the worm.
The worm is severely wounded.
You block the gnoll's attack. You block the worm's attack.
The gnoll hits you from afar with a +0 spear.
You die...

#......... #......#.
#....... ......# .. .....#
.........# . .
....###.#....... .. .
#.......#....... ...#.
#@###...#.....#.
.....##w#...#.........
(..........gg.###.........
...........w>.............
........#.................
..........................
...................)......
...........^........$.....
................?.........


You could see a worm, 2 gnolls and a dart slug.

Vanquished Creatures
  2 gnolls
  A dart slug (D:1)
  3 ball pythons
  3 giant cockroaches (D:1)
  7 goblins
  2 hobgoblins
  A jackal (D:1)
  5 kobolds (D:1)
  2 bats (D:1)
  2 frilled lizards (D:1)
  2 rats (D:1)
30 creatures vanquished.

Notes
Turn   | Place    | Note
-------+----------+-------------------------------------------
     0 | D:1      | Freyura the Gnoll Fighter began the quest for the Orb.
     0 | D:1      | Reached XP level 1. HP: 23/23 MP: 1/1
   108 | D:1      | Reached XP level 2. HP: 28/29 MP: 2/2
   334 | D:1      | Reached XP level 3. HP: 33/35 MP: 3/3
   669 | D:1      | Reached skill level 1 in Invocations
   853 | D:2      | Reached skill level 1 in Short Blades
   853 | D:2      | Reached skill level 1 in Long Blades
   853 | D:2      | Reached skill level 1 in Axes
   853 | D:2      | Reached skill level 1 in Polearms
   853 | D:2      | Reached skill level 1 in Staves
   853 | D:2      | Reached skill level 1 in Slings
   853 | D:2      | Reached skill level 1 in Bows
   853 | D:2      | Reached skill level 1 in Crossbows
   853 | D:2      | Reached skill level 1 in Throwing
   853 | D:2      | Reached skill level 1 in Dodging
   853 | D:2      | Reached skill level 1 in Stealth
   853 | D:2      | Reached skill level 1 in Unarmed Combat
   853 | D:2      | Reached skill level 1 in Spellcasting
   853 | D:2      | Reached skill level 1 in Evocations
   856 | D:2      | Slain by a gnoll

Skill      XL: |  1  2  3 |
---------------+----------+-----
Invocations    | 1 |  1.0
Short Blades   | 1 |  1.0
Long Blades    | 1 |  1.0
Axes           | 1 |  1.0
Polearms       | 1 |  1.0
Staves         | 1 |  1.0
Slings         | 1 |  1.0
Bows           | 1 |  1.0
Crossbows      | 1 |  1.0
Throwing       | 1 |  1.0
Dodging        | 1 |  1.0
Stealth        | 1 |  1.0
Unarmed Combat | 1 |  1.0
Spellcasting   | 1 |  1.0
Evocations     | 1 |  1.0
Fighting       | |  6.5
Maces & Flails | |  4.6
Armour         | |  6.5
Shields        | |  6.5
Conjurations   | |  0.7
Hexes          | |  0.7
Charms         | |  0.7
Summonings     | |  0.7
Necromancy     | |  0.7
Translocations | |  0.7
Transmutations | |  0.7
Fire Magic     | |  0.7
Ice Magic      | |  0.7
Air Magic      | |  0.7
Earth Magic    | |  0.7
Poison Magic   | |  0.7

Action                   || total
-------------------------++-------
Melee: Flail             ||    75
       Bite              ||    11
  Use: Potion            ||     1
Armor: Scale mail        ||    26
Dodge: Dodged            ||    21
Block: Medium shield     ||    55
